Workbook

Sheet Data Contents
B3: KPIC 2025 ESG Factbook
C5: Organizational Scale / Economic | E5: Environment | G5: Social | I5: Governance
C6: 1 | D6: Organizational scale | E6: 1 | F6: Energy consumption within the organization | G6: 1 | H6: Employee composition by category | I6: 1 | J6: Composition of the highest governance body (Board of Directors) and its committees
C7: 2 | D7: Direct economic value generated and distributed | E7: 2 | F7: Energy intensity | G7: 2 | H7: New employee hires | I7: 2 | J7: Composition of the governance body by category
C8: 3 | D8: Government shareholding | E8: 3 | F8: Reduction of energy consumption | G8: 3 | H8: Employee length of service | I8: 3 | J8: Operation of the highest governance body (Board) and its committees
E9: 4 | F9: Total water withdrawal and recycling rate | G9: 4 | H9: Employee remuneration | I9: 4 | J9: Nature and total number of critical concerns communicated to the highest governance body (Board)
E10: 5 | F10: Wastewater discharge | G10: =G9+1 -> 5 | H10: Talent development | I10: 5 | J10: Corporate ownership / operation
E11: 6 | F11: Water consumption (withdrawal minus discharge) | G11: =G10+1 -> 6 | H11: Work performance and career development evaluation | I11: 6 | J11: Stakeholder communication
E12: 7 | F12: Sanctions under environmental laws and regulations | G12: 7 | H12: Labor relations | I12: 7 | J12: Ethical management / compliance
E13: 8 | F13: Direct greenhouse gas (GHG) emissions (Scope 1) | G13: =G12+1 -> 8 | H13: Parental leave | I13: 8 | J13: Remuneration policy
E14: 9 | F14: Indirect greenhouse gas (GHG) emissions (Scope 2) | G14: =G13+1 -> 9 | H14: Work-related injuries - employees
E15: 10 | F15: Total GHG emissions (Scope 1+2) | G15: =G14+1 -> 10 | H15: Work-related injuries - suppliers
E16: 11 | F16: Greenhouse gas (GHG) emissions intensity | G16: 11 | H16: Work-related ill health - employees
E17: 12 | F17: Reduction of greenhouse gas (GHG) emissions | G17: 12 | H17: Work-related ill health - suppliers
E18: 13 | F18: NOx, SOx and other significant air emissions | G18: 13 | H18: Safety management training
E19: 14 | F19: Ozone-depleting substances (ODS) | G19: 14 | H19: Supply chain management
E20: 15 | F20: Water pollutants | G20: 15 | H20: Proportion of spending on local suppliers at significant locations of operation
E21: 16 | F21: Waste generation | G21: 16 | H21: Local community impact
E22: 17 | F22: Product life cycle assessment (LCA) | G22: 17 | H22: Information security investment
E23: 18 | F23: Chemical substances | G23: 18 | H23: Substantiated complaints concerning breaches of customer privacy and losses of customer data
E24: 19 | F24: Purchases of eco-friendly products/services | G24: 19 | H24: Health and safety impacts of products and services
E25: 20 | F25: Use of recycled feedstock | G25: 20 | H25: Violations of laws and regulations in the social and economic areas
E26: 21 | F26: Development of eco-friendly and socially beneficial products | G26: 21 | H26: Risk assessment
E27: 22 | F27: Environmental management training | G27: 22 | H27: Safety and health at the workplace
E28: 23 | F28: Biodiversity | G28: 23 | H28: In-house emergency response drills
G29: 24 | H29: Grievance handling
G30: 25 | H30: Employee training on customer privacy protection
K33: Updated : 2026. 06.

Sheet Economic
A1: KPIC Organizational Scale / Economic Indicators
A2: Indicator | C2: Site | D2: Unit | E2: 2023 | F2: 2024 | G2: 2025 | H2: Remarks
B3: 1. Organizational scale
B4: Number of employees | C4: Head office | D4: Persons | E4: 102 | F4: 100 | G4: 98 | H4: - Includes registered and unregistered executives and non-executive officers
C5: Ulsan | D5: Persons | E5: 394 | F5: 425 | G5: 423
C6: Onsan | D6: Persons | E6: 347 | F6: 359 | G6: 356
C7: Company-wide | D7: Persons | E7: 843 | F7: 884 | G7: 877
B8: Number of sites | C8: Company-wide | D8: Sites | E8: 3 | F8: 3 | G8: 3
B9: Net sales (consolidated) | C9: Company-wide | D9: KRW | E9: 2499972627941 | F9: 2800102662159 | G9: 3347821791902
B10: Equity | C10: Company-wide | D10: KRW | E10: 1824790602135 | F10: 1807642130951 | G10: 2081469764215
B11: Liabilities | C11: Company-wide | D11: KRW | E11: 371702112202 | F11: 412100919394 | G11: 618855781516
B12: 2. Direct economic value generated and distributed*
B13: Direct economic value generated - operating profit | C13: Company-wide | D13: KRW | E13: -62321327716 | F13: -59892625042 | G13: 52668902480
B14: Direct economic value generated - net income | C14: Company-wide | D14: KRW | E14: -29040720790 | F14: -8528518983 | G14: 55896051028
B15: Economic value distributed - corporate income tax (payments to government) | C15: Company-wide | D15: KRW | E15: -20887988077 | F15: -24442934996 | G15: 16037567309
B16: Economic value distributed - employees (labor costs) | C16: Company-wide | D16: KRW thousand | E16: 97295125 | F16: 100155279 | G16: 128906583
B17: Economic value distributed - employee benefits | C17: Company-wide | D17: KRW thousand | E17: 1698575 | F17: 1738618 | G17: 3870153
B18: Economic value distributed - shareholders (dividends) | C18: Company-wide | D18: KRW thousand | E18: 6176100 | F18: 6176100 | G18: 6176100
B19: Economic value distributed - donations | C19: Company-wide | D19: KRW thousand | E19: 190315 | F19: 156902 | G19: 201420 | H19: - Consolidated basis
B20: Lobbying, interest representation or similar organizations | C20: Company-wide | D20: KRW thousand | E20: 0 | F20: 0 | G20: 0
B21: National/local political campaigns, organizations or candidates | C21: Company-wide | D21: KRW thousand | E21: 0 | F21: 0 | G21: 0
B22: Other non-profit organizations, associations, etc. | C22: Company-wide | D22: KRW thousand | E22: 190315 | F22: 156902 | G22: 201420
B23: Profit (loss) before income tax expense | C23: Company-wide | D23: KRW thousand | E23: -49928709 | F23: -32971454 | G23: 71933618 | H23: - Consolidated basis
B24: Nominal tax amount | C24: Company-wide | D24: KRW thousand | E24: -11533532 | F24: -3266021 | G24: 16945936 | H24: - Consolidated basis
B25: Effective tax amount | C25: Company-wide | D25: KRW thousand | E25: -20887988 | F25: -24442935 | G25: 16037567 | H25: - Consolidated basis
B26: Nominal tax rate | C26: Company-wide | D26: % | E26: =E24/E23*100 -> 23.1 | F26: =F24/F23*100 -> 9.905602 | G26: =G24/G23*100 -> 23.557742 | H26: - Nominal tax amount / profit before income tax expense * 100
B27: Effective tax rate | C27: Company-wide | D27: % | E27: =E25/E23*100 -> 41.835626 | F27: =F25/F23*100 -> 74.133628 | G27: =G25/G23*100 -> 22.294954 | H27: - Effective tax amount / profit before income tax expense * 100
B28: 3. Government shareholding
B29: Government shareholding ratio | C29: Company-wide | D29: % | E29: 11.66 | F29: 7.94 | G29: 10.54

Sheet Environmental
A1: KPIC Environmental (E) Indicators
A2: Indicator | D2: Site | E2: Unit | F2: 2023 | G2: 2024 | H2: 2025 | I2: Remarks
B3: 1. Energy consumption within the organization
B4: Non-renewable energy consumption - liquid fuels (C9+, MFO, etc.; excluding petroleum fuels (diesel, gasoline)) | D4: Ulsan | E4: TJ | F4: 0 | G4: 0.168 | H4: 0
D5: Onsan | E5: TJ | F5: 2592.537 | G5: 2486.308 | H5: 2530
D6: Head office | E6: TJ | F6: 0 | G6: 0 | H6: 0
D7: Company-wide | E7: TJ | F7: 2592.537 | G7: =SUM(G4:G6) -> 2486.476 | H7: =SUM(H4:H6) -> 2530
B8: Non-renewable energy consumption - gaseous fuels (LNG, LPG, CH4, etc.) | D8: Ulsan | E8: TJ | F8: 702.63 | G8: 646.377 | H8: 733.567
D9: Onsan | E9: TJ | F9: 25064.899 | G9: 25899.917 | H9: 26512.576
D10: Head office | E10: TJ | F10: 1.362 | G10: 1.352 | H10: 1.431
D11: Company-wide | E11: TJ | F11: 25768.89 | G11: =SUM(G8:G10) -> 26547.646 | H11: =SUM(H8:H10) -> 27247.574
B12: Non-renewable energy consumption - petroleum fuels (diesel, gasoline) | D12: Ulsan | E12: TJ | F12: 8.45 | G12: 7.694 | H12: 7.379
D13: Onsan | E13: TJ | F13: 5.345 | G13: 5.547 | H13: 5.506
D14: Head office | E14: TJ | F14: 1.428 | G14: 1.489 | H14: 1.462
D15: Company-wide | E15: TJ | F15: 15.22 | G15: =SUM(G12:G14) -> 14.73 | H15: =SUM(H12:H14) -> 14.347
B16: Total energy consumption within the organization | D16: Ulsan | E16: TJ | F16: =F4+F8+F12+F20+F24+F28 -> 5946.77 | G16: =G4+G8+G12+G20+G24+G28 -> 5781.1011 | H16: =H4+H8+H12+H20+H24+H28 -> 5708.2675
D17: Onsan | E17: TJ | F17: =F5+F9+F13+F21+F25+F29-F32-F33 -> 26909.686 | G17: =G5+G9+G13+G21+G25+G29-G32-G33 -> 27516.91 | H17: =H5+H9+H13+H21+H25+H29-H32-H33 -> 27919.473 | I17: - Restated due to a 2024 data aggregation error
D18: Head office | E18: TJ | F18: =F6+F10+F14+F22+F26+F30 -> 4.218 | G18: =G6+G10+G14+G22+G26+G30 -> 4.306 | H18: =H6+H10+H14+H22+H26+H30 -> 4.377
D19: Company-wide | E19: TJ | F19: =SUM(F16:F18) -> 32860.674 | G19: =SUM(G16:G18) -> 33302.317 | H19: =SUM(H16:H18) -> 33632.118
B20: Renewable energy consumption - solar | D20: Ulsan | E20: TJ | F20: 0 | G20: 0.1011 | H20: 1.1355
D21: Onsan | E21: TJ | F21: 1.505 | G21: 1.508 | H21: 1.596
D22: Head office | E22: TJ | F22: 0 | G22: 0 | H22: 0
D23: Company-wide | E23: TJ | F23: =SUM(F20:F22) -> 1.505 | G23: =SUM(G20:G22) -> 1.6091 | H23: =SUM(H20:H22) -> 2.7315
B24: Electricity consumption | D24: Ulsan | E24: TJ | F24: 3385.61 | G24: 3326.355 | H24: 3282.418
D25: Onsan | E25: TJ | F25: 178 | G25: 26 | H25: 85.062
D26: Head office | E26: TJ | F26: 1.428 | G26: 1.465 | H26: 1.484
D27: Company-wide | E27: TJ | F27: =SUM(F24:F26) -> 3565.038 | G27: =SUM(G24:G26) -> 3353.82 | H27: =SUM(H24:H26) -> 3368.964
B28: Steam consumption | D28: Ulsan | E28: TJ | F28: 1850.08 | G28: 1800.406 | H28: 1683.768
D29: Onsan | E29: TJ | F29: 0 | G29: 0 | H29: 0
D30: Head office | E30: TJ | F30: 0 | G30: 0 | H30: 0
D31: Company-wide | E31: TJ | F31: =SUM(F28:F30) -> 1850.08 | G31: =SUM(G28:G30) -> 1800.406 | H31: =SUM(H28:H30) -> 1683.768
B32: Electricity sold | D32: Company-wide | E32: TJ | F32: 880.27 | G32: 837.24 | H32: 1148.149
B33: Steam sold | D33: Company-wide | E33: TJ | F33: 52.33 | G33: 65.13 | H33: 67.118
B34: Share of renewable energy within the organization | D34: Company-wide | E34: % | F34: 0.1% or less | G34: 0.1% or less | H34: 0.1% or less
B35: Total self-generated energy within the organization | D35: Company-wide | E35: TJ | F35: 19722.815 | G35: 20108.964 | H35: 20863.76
B36: 2. Energy intensity
B37: Energy intensity (per unit of sales) | D37: Company-wide | E37: TJ/KRW 100 million | F37: =F19/Economic!E9*100000000 -> 1.3144414 | G37: =G19/Economic!F9*100000000 -> 1.1893249 | H37: =H19/Economic!G9*100000000 -> 1.004597 | I37: - Per unit of sales, consolidated basis
B38: 3. Reduction of energy consumption
B39: Reduction in energy consumption (from conservation and efficiency initiatives) | D39: Company-wide | E39: TOE | F39: 5172.86 | G39: 2252.03 | H39: 9135.3
B40: 4. Total water withdrawal and recycling rate
B41: Water withdrawal - industrial water | D41: Ulsan | E41: Ton | F41: 2667415 | G41: 2667415 | H41: 2481232
D42: Onsan | E42: Ton | F42: 7563172 | G42: 8025042 | H42: 8231085
D43: Total | E43: Ton | F43: =SUM(F41:F42) -> 10230587 | G43: =SUM(G41:G42) -> 10692457 | H43: =SUM(H41:H42) -> 10712317
B44: Water reused/recycled | D44: Ulsan | E44: Ton | F44: 0 | G44: 0 | H44: 0
D45: Onsan | E45: Ton | F45: 256648 | G45: 220428 | H45: 269933
D46: Total | E46: Ton | F46: =SUM(F44:F45) -> 256648 | G46: =SUM(G44:G45) -> 220428 | H46: =SUM(H44:H45) -> 269933
B47: Water recirculation/recycling rate | D47: Ulsan | E47: % | F47: 0 | G47: 0 | H47: 0
D48: Onsan | E48: % | F48: 3.39 | G48: 2.75 | H48: 3.28
D49: Total | E49: % | F49: 2.51 | G49: 2.06 | H49: 2.52 | I49: - Restated due to a 2024 data aggregation error
B50: 5. Wastewater discharge volume
B51: Wastewater discharge volume | C51: Yongam wastewater treatment plant and firefighting water use | D51: Ulsan | E51: Ton | F51: 1350331 | G51: 1351906 | H51: 1428291
C52: Terminal wastewater treatment plant | D52: Onsan | E52: Ton | F52: 1113401 | G52: 1274702 | H52: 1207372
C53: Other organizations and wastewater recycling facilities | D53: Total | E53: Ton | F53: =SUM(F51:F52) -> 2463732 | G53: =SUM(G51:G52) -> 2626608 | H53: =SUM(H51:H52) -> 2635663
B54: 6. Water consumption (withdrawal minus discharge)
B55: Water consumption | D55: Ulsan | E55: Ton | F55: =F41-F51 -> 1317084 | G55: =G41-G51 -> 1315509 | H55: =H41-H51 -> 1052941
D56: Onsan | E56: Ton | F56: =F42-F52 -> 6449771 | G56: =G42-G52 -> 6750340 | H56: =H42-H52 -> 7023713
D57: Total | E57: Ton | F57: =F55+F56 -> 7766855 | G57: =G55+G56 -> 8065849 | H57: =H55+H56 -> 8076654
B58: Water consumption intensity (per unit of sales) | D58: Company-wide | E58: Ton/KRW 100 million | F58: 310.7 | G58: 288.05547 | H58: 241.3 | I58: - Per unit of sales, consolidated basis
B59: Water consumption in areas with water stress | D59: Ulsan | E59: Ton | F59: - | G59: - | H59: -
D60: Onsan | E60: Ton | F60: - | G60: - | H60: -
D61: Total | E61: Ton | F61: - | G61: - | H61: -
B62: 7. Sanctions under environmental laws and regulations
B63: Number of sanctions | D63: Ulsan | E63: Cases | F63: 0 | G63: 0 | H63: 0
D64: Onsan | E64: Cases | F64: 1 | G64: 0 | H64: 0
D65: Total | E65: Cases | F65: =SUM(F63:F64) -> 1 | G65: =SUM(G63:G64) -> 0 | H65: =SUM(H63:H64) -> 0
B66: Fines and penalties | D66: Ulsan | E66: KRW | F66: 0 | G66: 200000 | H66: 0
D67: Onsan | E67: KRW | F67: 0 | G67: 0 | H67: 0
D68: Total | E68: KRW | F68: =SUM(F66:F67) -> 0 | G68: =SUM(G66:G67) -> 200000 | H68: =SUM(H66:H67) -> 0
B69: 8. Direct greenhouse gas (GHG) emissions (Scope 1)
B70: Total direct GHG emissions | D70: Ulsan | E70: tCO2-e | F70: 37536.98 | G70: 34567 | H70: 39214
D71: Onsan | E71: tCO2-e | F71: 1366925.4 | G71: 1405441.1 | H71: 1447105
D72: Head office | E72: tCO2-e | F72: =69.114+96.016 -> 165.13 | G72: 168.656 | H72: 170.881
D73: Company-wide | E73: tCO2-e | F73: =SUM(F70:F72) -> 1404627.5 | G73: =SUM(G70:G72) -> 1440176.7 | H73: =SUM(H70:H72) -> 1486489.9
B74: Percentage of direct GHG emissions subject to emissions-limiting regulations | D74: Company-wide | E74: % | F74: =(F70*1+F71*0.993225)/F73*100 -> 99.328929 | G74: =(G70*1+G71*0.9986)/G73*100 -> 99.851666 | H74: =(H70*1+H71*0.9972)/H73*100 -> 99.715923
B75: 9. Indirect greenhouse gas (GHG) emissions (Scope 2)
B76: Total location-based indirect GHG emissions | D76: Ulsan | E76: tCO2-e | F76: 306595.49 | G76: 291698 | H76: 250190
D77: Onsan | E77: tCO2-e | F77: 64.959 | G77: 1255.8 | H77: 4070.654
D78: Head office | E78: tCO2-e | F78: 68.347 | G78: 70.102 | H78: 71.026
D79: Company-wide | E79: tCO2-e | F79: =SUM(F76:F78) -> 306728.8 | G79: =SUM(G76:G78) -> 293023.9 | H79: =SUM(H76:H78) -> 254331.68
B80: Total market-based indirect GHG emissions | D80: Ulsan | E80: tCO2-e | F80: 0 | G80: 0 | H80: 0
D81: Onsan | E81: tCO2-e | F81: 0 | G81: 0 | H81: 0
D82: Head office | E82: tCO2-e | F82: 0 | G82: 0 | H82: 0
D83: Company-wide | E83: tCO2-e | F83: 0 | G83: 0 | H83: 0
B84: 10. Total GHG emissions (Scope 1+2)
B85: Total GHG emissions | D85: Ulsan | E85: tCO2-e | F85: 344132 | G85: =SUM(G70,G76) -> 326265 | H85: 289404
D86: Onsan | E86: tCO2-e | F86: 1366990.3 | G86: =SUM(G71,G77) -> 1406696.9 | H86: 1451175.6
D87: Head office | E87: tCO2-e | F87: 233.477 | G87: =SUM(G72,G78) -> 238.758 | H87: 241.91
D88: Total | E88: tCO2-e | F88: 1711355.8 | G88: =SUM(G73,G79) -> 1733200.6 | H88: =SUM(H73,H79) -> 1740821.6
B89: 11. Greenhouse gas (GHG) emissions intensity
B90: GHG emissions intensity (per unit of sales) | D90: Company-wide | E90: tCO2/KRW 100 million | F90: =F88/Economic!E9*100000000 -> 68.454982 | G90: =G88/Economic!F9*100000000 -> 61.897753 | H90: =H88/Economic!G9*100000000 -> 51.998633 | I90: - Per unit of sales
B91: 12. Reduction of greenhouse gas (GHG) emissions
B92: Annual GHG emissions reduction | D92: Company-wide | E92: tCO2-e | G92: 7088 | H92: 7088 | I92: - Newly added in 2024
B93: 13. NOx, SOx and other significant air emissions
B94: NOx emissions | D94: Ulsan | E94: Ton | F94: 16.836 | G94: 15.86 | H94: 17.08
D95: Onsan | E95: Ton | F95: 1478.739 | G95: 1550.099 | H95: 1602.894
D96: Total | E96: Ton | F96: =SUM(F94:F95) -> 1495.575 | G96: =SUM(G94:G95) -> 1565.959 | H96: =SUM(H94:H95) -> 1619.974
B97: SOx emissions | D97: Ulsan | E97: Ton | F97: 0 | G97: 0 | H97: 0
D98: Onsan | E98: Ton | F98: 35.006 | G98: 26.121 | H98: 20.955
D99: Total | E99: Ton | F99: =SUM(F97:F98) -> 35.006 | G99: =SUM(G97:G98) -> 26.121 | H99: =SUM(H97:H98) -> 20.955
B100: Volatile organic compound (VOC) emissions | D100: Ulsan | E100: Ton | F100: 35.009 | G100: 44.1 | H100: 30.6
...

Sheet Social
A1: KPIC Social (S) Indicators
A2: Indicator | D2: Site | E2: Unit | F2: 2023 | G2: 2024 | H2: 2025 | I2: Remarks
B3: 1. Employee composition by category
B4: By gender | C4: Percentage of male employees | D4: Company-wide | E4: % | F4: 96.8 | G4: 96.8 | H4: 96.9
C5: Percentage of female employees | D5: Company-wide | E5: % | F5: 3.2 | G5: 3.2 | H5: 3.1
B6: By age | C6: Percentage of employees under 30 | D6: Company-wide | E6: % | F6: 20.05 | G6: 23.76 | H6: 22.92
C7: Percentage of employees aged 30-50 | D7: Company-wide | E7: % | F7: 39.98 | G7: 42.31 | H7: 48
C8: Percentage of employees over 50 | D8: Company-wide | E8: % | F8: 39.98 | G8: 33.48 | H8: 29.08
B9: Diversity | C9: Percentage of Korean (Asian) employees | D9: Company-wide | E9: % | F9: 100 | G9: 100 | H9: 100 | I9: - KPIC's employees are 100% Asian
C10: Percentage of foreign employees | D10: Company-wide | E10: % | F10: 0 | G10: 0 | H10: 0
C11: Percentage of employees with disabilities | D11: Company-wide | E11: % | F11: 0.72 | G11: 0.8 | H11: 1.14
C12: Percentage of employees eligible for veterans' benefits | D12: Company-wide | E12: % | F12: 4.39 | G12: 4 | H12: 3.65
B13: Permanent contract | C13: Number of male employees | D13: Company-wide | E13: Persons | F13: 762 | G13: 792 | H13: 777
C14: Number of female employees | D14: Company-wide | E14: Persons | F14: 27 | G14: 27 | H14: 27
B15: Fixed-term contract | C15: Number of male employees | D15: Company-wide | E15: Persons | F15: 54 | G15: 64 | H15: 73
C16: Number of female employees | D16: Company-wide | E16: Persons | F16: 0 | G16: 1 | H16: 0
B17: Female managers | C17: Number | D17: Company-wide | E17: Persons | F17: 0 | G17: 0 | H17: 0
C18: Percentage | D18: Company-wide | E18: % | F18: 0 | G18: 0 | H18: 0
B19: 2. New employee hires
B20: By gender | C20: Number of male employees | D20: Company-wide | E20: Persons | F20: 81 | G20: 143 | H20: 106
C21: Number of female employees | D21: Company-wide | E21: Persons | F21: 1 | G21: 2 | H21: 1
C22: Total number of employees | D22: Company-wide | E22: Persons | F22: 82 | G22: 145 | H22: 107
C23: Percentage of male employees | D23: Company-wide | E23: % | F23: 98.78 | G23: 98.62 | H23: 99.07
C24: Percentage of female employees | D24: Company-wide | E24: % | F24: 1.22 | G24: 1.38 | H24: 0.93
C25: Percentage of total employees | D25: Company-wide | E25: % | F25: 9.28 | G25: 16.4 | H25: 12.2
B26: By age | C26: Number of employees under 30 | D26: Company-wide | E26: Persons | F26: 46 | G26: 103 | H26: 60
C27: Number of employees aged 30 to under 50 | D27: Company-wide | E27: Persons | F27: 10 | G27: 24 | H27: 28
C28: Number of employees aged 50 and over | D28: Company-wide | E28: Persons | F28: 26 | G28: 18 | H28: 19
C29: Percentage of employees under 30 | D29: Company-wide | E29: % | F29: 56.1 | G29: 71.03 | H29: 56.07
C30: Percentage of employees aged 30 to under 50 | D30: Company-wide | E30: % | F30: 12.2 | G30: 16.55 | H30: 26.17
C31: Percentage of employees aged 50 and over | D31: Company-wide | E31: % | F31: 31.71 | G31: 12.41 | H31: 17.76
B32: 3. Employee length of service
B33: Average employee length of service | D33: Company-wide | E33: Years | F33: 16.7 | G33: 14.62 | H33: 13.47
B34: 4. Employee remuneration
B35: Average salary | C35: Male | D35: Company-wide | E35: KRW million | F35: 100 | G35: 101 | H35: 97
C36: Female | D36: Company-wide | E36: KRW million | F36: 58 | G36: 64 | H36: 62
B37: Ratio of female to male remuneration | D37: Company-wide | E37: % | F37: 58 | G37: 63.37 | H37: 63.92 | I37: - Female basic salary / male basic salary
B38: 5. Talent development
B39: Training hours | C39: Total training hours | D39: Company-wide | E39: Hours | F39: 3248 | G39: 3340 | H39: 3492 | I39: - Based on company-wide statutory mandatory training - Reflects joiners and leavers during the year, so differs from the employee headcount on the 'Economic' tab
C40: Training hours per employee | D40: Company-wide | E40: Hours | F40: 4 | G40: 4 | H40: 4 | I40: - Based on company-wide statutory mandatory training
B41: Training expenses | C41: Total training expenses | D41: Company-wide | E41: KRW | F41: 106192575 | G41: 485322485 | H41: 418514508 | I41: - Includes company-wide statutory mandatory training and other training
C42: Training expenses per employee | D42: Company-wide | E42: KRW | F42: 125970 | G42: 549018 | H42: 499675 | I42: - Includes company-wide statutory mandatory training and other training
B43: 6. Work performance and career development evaluation
B44: Number of employees receiving performance and career development reviews | C44: Male | D44: Company-wide | E44: Persons | F44: 256 | G44: 241 | H44: 221
C45: Female | D45: Company-wide | E45: Persons | F45: 1 | G45: 2 | H45: 1
B46: Number of employee self-assessments | D46: Company-wide | E46: Cases | F46: 257 | G46: 243 | H46: 222 | I46: - First-round employee self-assessment conducted
B47: 7. Labor relations
B48: Collective bargaining agreement coverage rate | D48: Company-wide | E48: % | F48: 49.76 | G48: 51.13 | H48: 51.77
B49: Labor-Management Council meetings held | D49: Company-wide | E49: Cases | F49: 4 | G49: 4 | H49: 4
B50: 8. Parental leave
B51: Total employees who took parental leave | D51: Company-wide | E51: Persons | F51: 1 | G51: 0 | H51: 7
B52: Number of employees retained 12 months after returning from parental leave | D52: Company-wide | E52: Persons | F52: 0 | G52: 1 | H52: 1
B53: 9. Work-related injuries - employees
B54: Total hours worked by employees | D54: Ulsan | E54: Hours | F54: 945600 | G54: 1020000 | H54: 1015200
D55: Onsan | E55: Hours | F55: 832800 | G55: 861600 | H55: 854400
D56: Company-wide | E56: Hours | F56: =SUM(F54:F55) -> 1778400 | G56: =SUM(G54:G55) -> 1881600 | H56: =SUM(H54:H55) -> 1869600
B57: Fatalities as a result of work-related injury | C57: Number | D57: Ulsan | E57: Persons | F57: 0 | G57: 0 | H57: 0
D58: Onsan | E58: Persons | F58: 0 | G58: 0 | H58: 0
C59: Percentage | D59: Ulsan | E59: % | F59: 0 | G59: 0 | H59: 0
D60: Onsan | E60: % | F60: 0 | G60: 0 | H60: 0
B61: High-consequence work-related injuries | C61: Number | D61: Ulsan | E61: Persons | F61: 1 | G61: 1 | H61: 0 | I61: - Excluding fatalities
D62: Onsan | E62: Persons | F62: 0 | G62: 0 | H62: 0 | I62: - Excluding fatalities
C63: Percentage | D63: Ulsan | E63: % | F63: 1 | G63: 1 | H63: 0 | I63: - Excluding fatalities
D64: Onsan | E64: % | F64: 0 | G64: 0 | H64: 0 | I64: - Excluding fatalities
B65: Lost-time injury frequency rate (LTIFR) | D65: Ulsan | E65: Cases per million hours worked | F65: =1/F54*1000000 -> 1.0575296 | G65: =1/G54*1000000 -> 0.98039216 | H65: 0 | I65: - Number of high-consequence injuries / total annual hours worked * 1,000,000
D66: Onsan | E66: Cases per million hours worked | F66: 0 | G66: 0 | H66: 0
B67: 10. Work-related injuries - suppliers
B68: Total hours worked by supplier workers | D68: Ulsan | E68: Hours | F68: 727200 | G68: 734400 | H68: 808800
D69: Onsan | E69: Hours | F69: 175200 | G69: 177600 | H69: 180000
D70: Total | E70: Hours | F70: =SUM(F68:F69) -> 902400 | G70: =SUM(G68:G69) -> 912000 | H70: =SUM(H68:H69) -> 988800
B71: Work-related fatalities among supplier workers | C71: Number | D71: Ulsan | E71: Persons | F71: 0 | G71: 0 | H71: 0
D72: Onsan | E72: Persons | F72: 0 | G72: 0 | H72: 0
C73: Percentage | D73: Ulsan | E73: % | F73: 0 | G73: 0 | H73: 0
D74: Onsan | E74: % | F74: 0 | G74: 0 | H74: 0
B75: High-consequence work-related injuries among supplier workers | C75: Number | D75: Ulsan | E75: Persons | F75: 1 | G75: 3 | H75: 5
D76: Onsan | E76: Persons | F76: 0 | G76: 0 | H76: 3
C77: Percentage | D77: Ulsan | E77: % | F77: 1.38 | G77: 4.08 | H77: 6.18
D78: Onsan | E78: % | F78: 0 | G78: 0 | H78: 16.67
B79: Lost-time injury frequency rate (LTIFR) | D79: Ulsan | E79: Cases per million hours worked | F79: =1/F68*1000000 -> 1.3751375 | G79: =3/G68*1000000 -> 4.0849673 | H79: =5/H68*1000000 -> 6.181998 | I79: - Number of high-consequence injuries / total annual hours worked * 1,000,000
D80: Onsan | E80: Cases per million hours worked | F80: 0 | G80: 0 | H80: =3/H69*1000000 -> 16.666667
B81: 11. Work-related ill health - employees
B82: Cases of work-related ill health | D82: Ulsan | E82: Cases | F82: 0 | G82: 0 | H82: 0
D83: Onsan | E83: Cases | F83: 0 | G83: 0 | H83: 0
D84: Total | E84: Cases | F84: =SUM(F82:F83) -> 0 | G84: =SUM(G82:G83) -> 0 | H84: 0
B85: Fatalities as a result of work-related ill health | D85: Ulsan | E85: Persons | F85: 0 | G85: 0 | H85: 0
D86: Onsan | E86: Persons | F86: 0 | G86: 0 | H86: 0
D87: Total | E87: Persons | F87: =SUM(F85:F86) -> 0 | G87: =SUM(G85:G86) -> 0 | H87: 0
B88: 12. Work-related ill health - suppliers
B89: Cases of work-related ill health | D89: Ulsan | E89: Cases | F89: 0 | G89: 0 | H89: 0
D90: Onsan | E90: Cases | F90: 0 | G90: 0 | H90: 0
D91: Total | E91: Cases | F91: =SUM(F89:F90) -> 0 | G91: =SUM(G89:G90) -> 0 | H91: 0
B92: Fatalities as a result of work-related ill health | D92: Ulsan | E92: Persons | F92: 0 | G92: 0 | H92: 0
D93: Onsan | E93: Persons | F93: 0 | G93: 0 | H93: 0
D94: Total | E94: Persons | F94: =SUM(F92:F93) -> 0 | G94: =SUM(G92:G93) -> 0 | H94: 0
B95: 13. Safety management training
B96: Safety management training hours | D96: Ulsan | E96: Hours | F96: 2672 | G96: 2372 | H96: 2440
D97: Onsan | E97: Hours | F97: 9632 | G97: 9360 | H97: 9792
D98: Total | E98: Hours | F98: =SUM(F96:F97) -> 12304 | G98: =SUM(G96:G97) -> 11732 | H98: 12232
B99: 14. Supply chain management
B100: Total number of suppliers | D100: Company-wide | E100: Companies | F100: 1047 | G100: 1073 | H100: 1036
...

Sheet Governance
A1: KPIC Governance (G) Indicators
A2: Indicator | D2: Site | E2: Unit | F2: 2023 | G2: 2024 | H2: 2025 | I2: Remarks
B3: 1. Composition of the highest governance body (Board of Directors) and its committees
B4: Number of Board members | D4: Company-wide | E4: Persons | F4: 7 | G4: 7 | H4: 7
B5: Independent directors | C5: Number | D5: Company-wide | E5: Persons | F5: 4 | G5: 4 | H5: 4
C6: Percentage | D6: Company-wide | E6: % | F6: 57.1 | G6: 57.1 | H6: 57
B7: Average tenure of Board members | D7: Company-wide | E7: Years | F7: 6.43 | G7: 7.43 | H7: 8.43
B8: Female directors on the Board | C8: Number | D8: Company-wide | E8: Persons | F8: 1 | G8: 1 | H8: 1
C9: Percentage | D9: Company-wide | E9: % | F9: 14.3 | G9: 14.3 | H9: 14.3
B10: Number of female registered executives who are not the controlling shareholder or their relatives | D10: Company-wide | E10: Persons | F10: 1 | G10: 1 | H10: 1
B11: Number of independent directors on the Audit Committee | D11: Company-wide | E11: Persons | F11: 3 | G11: 3 | H11: 3 | I11: - Composed entirely of independent directors
B12: Number of Audit Committee members meeting statutory accounting or financial expert requirements | D12: Company-wide | E12: Persons | F12: 2 | G12: 2 | H12: 2 | I12: - Business Report VI. Matters concerning the Board of Directors and other corporate bodies
B13: Number of directors on the Independent Director Nomination Committee | D13: Company-wide | E13: Persons | F13: 3 | G13: 3 | H13: 3 | I13: - Composed of 2 independent directors and 1 executive director
B14: 2. Composition of the governance body by category (based on the year-end Business Report)
B15: By gender | C15: Number of male Board members | D15: Company-wide | E15: Persons | F15: 6 | G15: 6 | H15: 6
C16: Number of female Board members | D16: Company-wide | E16: Persons | F16: 1 | G16: 1 | H16: 1
B17: By age | C17: Number of Board members under 30 | D17: Company-wide | E17: Persons | F17: 0 | G17: 0 | H17: 0
C18: Number of Board members aged 30 to under 50 | D18: Company-wide | E18: Persons | F18: 0 | G18: 0 | H18: 0
C19: Number of Board members aged 50 and over | D19: Company-wide | E19: Persons | F19: 7 | G19: 7 | H19: 7
B20: 3. Operation of the highest governance body (Board) and its committees
B21: Number of Board meetings held | D21: Company-wide | E21: Meetings | F21: 6 | G21: 7 | H21: 7
B22: Number of Audit Committee meetings held | D22: Company-wide | E22: Meetings | F22: 5 | G22: 5 | H22: 5
B23: Director training hours | D23: Company-wide | E23: Hours | F23: 1 | G23: 1 | H23: 1
B24: Advance notice period for convening the general meeting of shareholders | D24: Company-wide | E24: Weeks | F24: 2 | G24: 2 | H24: 2 | I24: - Stated in the Corporate Governance Report
B25: Minimum advance notice period allowing Board members to sufficiently review all Board agenda items | D25: Company-wide | E25: Weeks | F25: 1 | G25: 1 | H25: 1
B26: Non-audit service fees relative to audit service fees paid to the external auditor | D26: Company-wide | E26: % | F26: 0 | G26: 0 | H26: 0
B27: Number of independent directors with low attendance (below 75%) | D27: Company-wide | E27: Persons | F27: 1 | G27: 1 | H27: 0
B28: Number of agenda items on which independent directors dissented or proposed amendments | D28: Company-wide | E28: Cases | F28: 0 | G28: 0 | H28: 0
B29: 4. Nature and total number of critical concerns communicated to the highest governance body (Board)
B30: Number of critical concerns reported to the Board | D30: Company-wide | E30: Meetings | F30: 6 | G30: 7 | H30: 7
B31: 5. Corporate ownership / operation
B32: Shareholding of the largest shareholder and related parties | D32: Company-wide | E32: % | F32: 39.21 | G32: 39.11 | H32: 39.07
B33: Total shareholding of executive directors, excluding the largest shareholder and related parties | D33: Company-wide | E33: % | F33: 0.01 | G33: 0.01 | H33: 0.01
B34: Shareholding of holders of 5% or more, excluding the largest shareholder and related parties (incl. executives and affiliates) | D34: Company-wide | E34: % | F34: 11.66 | G34: 7.94 | H34: 10.54 | I34: - Business Report VII. Matters concerning shareholders
B35: Total shareholding of registered executives | D35: Company-wide | E35: % | F35: 2.56 | G35: 2.56 | H35: 2.56
B36: KPIC's ownership interests in affiliates | C36: Korea Airtech Co., Ltd. | D36: Company-wide | E36: % | F36: 100 | G36: 100 | H36: 100 | I36: - Business Report XII. Detailed tables - Investments in other corporations
C37: Odfjell Terminals Korea Co., Ltd. | D37: Company-wide | E37: % | F37: 43.59 | G37: 43.59 | H37: 43.59
C38: Hanju Co., Ltd. | D38: Company-wide | E38: % | F38: 49.24 | G38: 49.24 | H38: 50.13
C39: KPIC DAWN (SHANGHAI) POLYMER | D39: Company-wide | E39: % | F39: 50 | G39: 50 | H39: 50
B40: Treasury shares | C40: Purchase amount | D40: Company-wide | E40: KRW | F40: 0 | G40: 0 | H40: 0 | I40: - Business Report I. Company overview - 4. Total number of shares, etc.
C41: Shares held | D41: Company-wide | E41: Shares | F41: 323900 | G41: 323900 | H41: 323900
C42: Percentage held | D42: Company-wide | E42: % | F42: 4.98307 | G42: 4.98307 | H42: 4.98
B43: 6. Stakeholder communication
B44: Days of advance notice of venue, agenda, etc. for the annual general meeting of shareholders | D44: Company-wide | E44: Days | F44: 14 | G44: 14 | H44: 14
B45: Number of IR (investor relations) meetings | D45: Company-wide | E45: Cases | F45: 42 | G45: 35 | H45: 21
B46: Number of voluntary disclosures | D46: Company-wide | E46: Cases | F46: 0 | G46: 0 | H46: 1
B47: Inquiry disclosures (yes/no) | D47: Company-wide | E47: Cases | F47: 0 | G47: 0 | H47: 0
B48: Designation as an unfaithful disclosure company | D48: Company-wide | E48: Cases | F48: 0 | G48: 0 | H48: 0 | I48: - Business Report XI. Other matters necessary for investor protection - 3. Matters concerning sanctions, etc.
B49: Reporting period for the information provided (fiscal year or calendar year) | D49: Company-wide | E49: Years | F49: 1 | G49: 1 | H49: 1
B50: Reporting cycle (annual, biennial, etc.) | D50: Company-wide | E50: Years | F50: 1 | G50: 1 | H50: 1
B51: 7. Ethical management / compliance
B52: Ethics / anti-corruption / fair trade training | C52: Number of employees who completed training | D52: Company-wide | E52: Persons | F52: 825 | G52: 815 | H52: 828 | I52: - Data differ by reference date due to offline approvals, employees approaching retirement, advisory office staff, leavers, etc.
C53: Percentage of workers trained | D53: Company-wide | E53: % | F53: 100 | G53: 100 | H53: 100
C54: Number of Board members trained | D54: Company-wide | E54: Persons | F54: - | G54: 2 | H54: 2
B55: Ethics / corruption risk assessment | C55: Number of sites assessed for corruption risks | D55: Company-wide | E55: Sites | F55: 3 | G55: 3 | H55: 3
C56: Total number of sites | D56: Company-wide | E56: Sites | F56: 3 | G56: 3 | H56: 3
C57: Percentage of sites assessed for corruption risks | D57: Company-wide | E57: % | F57: 100 | G57: 100 | H57: 100
B58: Confirmed incidents of ethics violations / corruption | C58: Number of confirmed incidents of ethics violations / corruption | D58: Company-wide | E58: Cases | F58: 0 | G58: 1 | H58: 0
C59: - Corruption and bribery | D59: Company-wide | E59: Cases | F59: 0 | G59: 0 | H59: 0
C60: - Discrimination and harassment | D60: Company-wide | E60: Cases | F60: 0 | G60: 0 | H60: 0
C61: - Conflicts of interest | D61: Company-wide | E61: Cases | F61: 0 | G61: 0 | H61: 0
C62: - Money laundering or insider trading | D62: Company-wide | E62: Cases | F62: 0 | G62: 0 | H62: 0
C63: - Other non-compliance with internal regulations | D63: Company-wide | E63: Cases | F63: 0 | G63: 1 | H63: 0 | I63: - Minor internal regulation violations not subject to legal action
C64: Number of incidents in which workers were dismissed for violations / corruption | D64: Company-wide | E64: Cases | F64: 0 | G64: 0 | H64: 0
C65: Number of incidents in which workers were disciplined for violations / corruption | D65: Company-wide | E65: Cases | F65: 0 | G65: 0 | H65: 0
B66: Ethics violations / corruption | C66: Number of incidents in which contracts with suppliers were terminated due to violations / corruption | D66: Company-wide | E66: Cases | F66: 0 | G66: 0 | H66: 0
C67: Number of incidents in which contracts with suppliers were not renewed due to violations / corruption | D67: Company-wide | E67: Cases | F67: 0 | G67: 0 | H67: 0
B68: Number of legal actions regarding ethics violations / corruption | C68: In progress | D68: Company-wide | E68: Cases | F68: 0 | G68: 0 | H68: 0
C69: Completed | D69: Company-wide | E69: Cases | F69: 0 | G69: 0 | H69: 0
B70: Percentage of workers informed of the organization's anti-corruption policies and procedures | D70: Company-wide | E70: % | F70: 100 | G70: 95.32 | H70: 97.1
B71: Number of self-assessments using the fraud risk diagnostic checklist | D71: Company-wide | E71: Cases | F71: - | G71: 1 | H71: 1 | I71: - Newly added in 2024
B72: Number of teams subject to regular fraud risk audits in the year | D72: Company-wide | E72: Teams | G72: 18 | H72: 16
B73: Number of findings from regular audits | D73: Company-wide | E73: Cases | G73: 50 | H73: 50
B74: Number of recommendations from regular audits | D74: Company-wide | E74: Cases | G74: 41 | H74: 50
B75: Number of special audits | D75: Company-wide | E75: Cases | G75: 1 | H75: 0
B76: 8. Remuneration policy
B77: CEO remuneration | C77: Total CEO remuneration | D77: Company-wide | E77: KRW thousand | F77: 632000 | G77: 704000 | H77: 676000 | I77: - Business Report VIII. Matters concerning executives and employees
C78: Average remuneration of all employees excluding the CEO | D78: Company-wide | E78: KRW thousand | F78: 98637 | G78: 99372 | H78: 96244
B79: Director remuneration | C79: Total director remuneration | D79: Company-wide | E79: KRW million | F79: 3735 | G79: 4234 | H79: 4004
C80: Average remuneration per director | D80: Company-wide | E80: KRW million | F80: 415 | G80: 605 | H80: 572
